 Dungeon Crawl Stone Soup version 0.27-a0-1090-gb115f176c6 (webtiles) character file.

Game seed: 16257915805339529916

122 scammafunk the Skirmisher (level 5, 0/50 HPs)
             Began as a Naga Fighter on Apr 27, 2021.
             Slain by a goblin
             ... wielding a +0 dagger
              (3 damage)
             ... on level 2 of the Dungeon.
             The game lasted 00:10:27 (2332 turns).

scammafunk the Skirmisher (Naga Fighter)            Turns: 2332, Time: 00:10:28

Health: 0/50       AC:  5    Str: 20    XL:     5   Next: 6%
Magic:  5/5        EV:  9    Int:  8    God:
Gold:   67         SH:  9    Dex: 10    Spells: 4/4 levels left

rFire    . . .     SeeInvis +   a - +1 trident
rCold    . . .     Faith    .   c - +0 kite shield
rNeg     . . .     Spirit   .   b - +0 scale mail
rPois    +         Reflect  .   (no helmet)
rElec    .         Harm     .   (no cloak)
rCorr    .         Rampage  .   (no gloves)
Will     .....                  (no barding)
Stlth    ..........             e - amulet of magic regeneration
HPRegen  0.16/turn              j - +4 ring of evasion
MPRegen  0.34/turn              (no ring)

@: very slow
A: AC +1, large, see invisible, deformed body, poison resistance, slowness 2,
spit poison 1, naga tail 1
a: Spit Poison


You were on level 2 of the Dungeon.
You visited 1 branch of the dungeon, and saw 2 of its levels.

You collected 67 gold pieces.

Inventory:

Hand Weapons
 a - a +1 trident (weapon)
Armour
 b - a +0 scale mail (worn)
 c - a +0 kite shield (worn)
Jewellery
 e - an amulet of magic regeneration (around neck)
 j - a +4 ring of evasion (left hand)
Scrolls
 d - a scroll of acquirement
 g - a scroll of identify
Potions
 h - a potion of cancellation


   Skills:
 + Level 3.7 Fighting
 + Level 3.0 Polearms
 + Level 3.1 Armour
 + Level 3.1 Shields


You had 4 spell levels left.
You didn't know any spells.
Your spell library was empty.

Dungeon Overview and Level Annotations

Branches:
Dungeon (2/15)

Altars:


Innate Abilities, Weirdness & Mutations

Your serpentine skin is tough. (AC +1)
You have supernaturally acute eyesight. (SInv)
Armour fits poorly on your strangely shaped body.
Your system is resistant to poisons. (rPois)
You cover ground very slowly.
You can spit poison.
You have a snake-like lower body.


Message History

You kill the hobgoblin!
You feel sick. The goblin hits you but does no damage.
You block the kobold's attack.
You miss the goblin.
You feel sick.
You are no longer poisoned.
The goblin completely misses you. The kobold hits you but does no damage.
The goblin hits you with a +0 dagger. You block the kobold's attack.
Your shield and scale mail prevent you from hitting the goblin.
The goblin closely misses you. You block the kobold's attack.
You closely miss the goblin. The goblin hits you but does no damage.
The kobold barely misses you. You block the gnoll's attack.
You closely miss the gnoll. You block the goblin's attack.
The kobold hits you with a +0 short sword.
The gnoll closely misses you. The goblin closely misses you.
The kobold hits you with a +0 short sword.
You block the gnoll's attack.
You closely miss the gnoll. The goblin hits you but does no damage.
The kobold hits you with a +0 short sword.
* * * LOW HITPOINT WARNING * * *
You block the gnoll's attack.
You puncture the gnoll!
The gnoll is severely wounded.
The goblin hits you with a +0 dagger.
* * * LOW HITPOINT WARNING * * *
You block the kobold's attack. The gnoll hits you with a +0 club!
* * * LOW HITPOINT WARNING * * *
The goblin barely misses you. The kobold closely misses you.
As you read the scroll labelled FYRHYE GIEKK, it crumbles to dust.
It is a scroll of enchant weapon.
Your +0 trident glows red for a moment.
You block the gnoll's attack. You block the goblin's attack.
The kobold misses you.
As you read the scroll labelled UBBUGERGHAA, it crumbles to dust.
The scroll dissolves into smoke.
It was a scroll of fog.
The gnoll hits you with a +0 club.
* * * LOW HITPOINT WARNING * * *
You block the goblin's attack. The kobold closely misses you.
You hit the gnoll.
The gnoll is almost dead.
You block the gnoll's attack. The goblin hits you with a +0 dagger.
You die...

#.. ..# #.. ....# .#...
....# ..... .... .... ..#
..##.# #. #.§§########
##..#.§g§......#
......§K@§......#
.....##§g§......#
......§§§§......#
..............#.........#
....... ......#.........#
...... .(..............#
..... ## #####........###
....#...#### ##..####.##
..... .....####..#
#..####


You could see a gnoll, a goblin and a kobold.

Vanquished Creatures
  3 adders (D:2)
  5 gnolls (D:2)
  A worm (D:2)
  2 dart slugs
  A bat (D:1)
  3 goblins (D:1)
  7 hobgoblins
  4 jackals (D:1)
  A quokka (D:2)
  8 ball pythons
  2 frilled lizards (D:1)
  6 kobolds
  A rat (D:2)
44 creatures vanquished.

Vanquished Creatures (others)
  24 plants (D:1)
24 creatures vanquished.

Grand Total: 68 creatures vanquished

Notes
Turn   | Place    | Note
-------+----------+-------------------------------------------
     0 | D:1      | scammafunk the Naga Fighter began the quest for the Orb.
     0 | D:1      | Reached XP level 1. HP: 21/21 MP: 1/1
   193 | D:1      | Reached XP level 2. HP: 15/28 MP: 2/2
  1361 | D:1      | You fall into a shaft and drop 1 floor!
  1369 | D:2      | Reached XP level 3. HP: 31/34 MP: 3/3
  1499 | D:2      | Reached XP level 4. HP: 15/42 MP: 4/4
  1503 | D:2      | HP: 1/42 [gnoll/+0 spear (7)]
  2211 | D:2      | Identified a scroll of acquirement
  2323 | D:2      | Reached XP level 5. HP: 24/50 MP: 5/5
  2332 | D:2      | Slain by a goblin

Illustrated notes

Levels and vault maps discovered:
D:1:      elethiomel_arrival_infinity_welcomes_careful_drivers, layout_basic,
          serial_bayou, serial_bayou_lake_a, serial_bayou_pond_d,
          serial_bayou_lagoon_a, serial_bayou_ford_a, serial_bayou_crossing
D:2:      layout_rooms

Skill      XL: |  1  2  3  4 |
---------------+-------------+-----
Armour         | 3 |  3.1
Shields        | 3 |  3.1
Polearms       | 3 |  3.0
Fighting       | |  3.7

Action                   |  1- 3 |  4- 6 || total
-------------------------+-------+-------++-------
Melee: Trident           |    77 |    49 ||   126
 Abil: Spit Poison       |     5 |     3 ||     8
  Use: Potion            |     1 |       ||     1
       Scroll            |       |     4 ||     4
Armor: Scale mail        |    29 |    19 ||    48
Dodge: Dodged            |    19 |    15 ||    34
Block: Kite shield       |    40 |    29 ||    69

Table legend: (Time is in decaauts)
 A = Elapsed time spent in this place.
 B = Non-inter-level travel time spent in this place.
 C = Inter-level travel time spent in this place.
 D = Time resting spent in this place.
 E = Time spent auto-exploring this place.
 F = Levels seen in this place.
 G = Mean time per level.
                   A        B        C        D        E       F      G
               +--------+--------+--------+--------+--------+-----+--------+
         Total |   3009 |   2975 |     34 |    732 |   1745 |   2 | 1504.5 |
       Dungeon |   3009 |   2975 |     34 |    732 |   1745 |   2 | 1504.5 |
               +--------+--------+--------+--------+--------+-----+--------+

Top non-repeatable levels by time:
     D:1: 2183 daAuts
     D:2: 826 daAuts
